 Dungeon Crawl Stone Soup version 0.26-a0-466-g989023bd0d (webtiles) character file.

Game seed: 1428235920640806606

87 sanka the Skirmisher (level 4, -1/40 HPs)
             Began as a Ghoul Abyssal Knight on Aug 14, 2020.
             Was a Believer of Lugonu.
             Slain by an adder (4 damage)
             ... on level 2 of the Dungeon.
             The game lasted 00:03:37 (2609 turns).

sanka the Skirmisher (Ghoul Abyssal Knight)         Turns: 2609, Time: 00:03:38

Health: -1/40      AC: 13    Str: 15    XL:     4   Next: 51%
Magic:  4/4        EV:  4    Int:  7    God:    Lugonu [**....]
Gold:   239        SH:  0    Dex:  9    Spells: 3/3 levels left

rFire    . . .     SeeInvis .   a - +1 spear
rCold    + . .     Faith    +   (no shield)
rNeg     + + +     Spirit   .   n - +0 plate armour
rPois    ∞         Reflect  .   (no helmet)
rElec    .         Harm     .   (no cloak)
rCorr    .                      i - +0 pair of gloves
MR       .....                  j - +0 pair of boots
Stlth    ..........             k - amulet of faith
HPRegen  0.00/turn              (no ring)
MPRegen  0.09/turn              (no ring)

@: no status effects
A: rotting body, claws 1, cold resistance 1, negative energy resistance 3,
inhibited regeneration, torment resistance, unbreathing
a: Depart the Abyss, Bend Space, Renounce Religion


You were on level 2 of the Dungeon.
You worshipped Lugonu.
Lugonu was pleased with you.
You visited 1 branch of the dungeon, and saw 3 of its levels.
You visited the Abyss 1 time.

You collected 239 gold pieces.


Innate Abilities, Weirdness & Mutations

Your body is rotting away.
You thrive by killing the living.
You are immune to poison.
You have sharp fingernails.
Your flesh is cold resistant. (rC+)
You are immune to negative energy. (rN+++)
You do not regenerate when monsters are visible.
You are immune to unholy pain and torment.
You can survive without breathing.


   Skills:
 - Level 4.0 Fighting
 + Level 3.3 Polearms
 - Level 2.0 Armour
 - Level 1.0 Dodging
 + Level 2.4 Invocations


You had 3 spell levels left.
You didn't know any spells.
Your spell library contained the following spells:

 Spells                   Type           Power        Failure   Level
 Magic Dart               Conj           #...         100%        1
 Searing Ray              Conj           #.....       100%        2
 Dazzling Flash           Conj/Hex       #.....       100%        3
 Fulminant Prism          Conj/Hex       #.........   100%        4
 Iskenderun's Mystic Bla  Conj/Tloc      #.......     100%        4

Inventory:

Hand Weapons
 a - a +1 spear (weapon)
Missiles
 c - 28 poisoned darts (quivered)
Armour
 i - a +0 pair of gloves (worn)
 j - a +0 pair of boots (worn)
 n - a +0 plate armour (worn)
Jewellery
 k - an amulet of faith (around neck)
 p - an uncursed ring of ice
Scrolls
 f - 2 scrolls of magic mapping {unknown}
 h - 3 scrolls of identify {unknown}
 l - 2 scrolls of teleportation {unknown}
 m - 2 scrolls of remove curse
Potions
 b - a potion of ambrosia {unknown}
 d - a potion of might {unknown}
 e - 2 potions of flight {unknown}
 g - a potion of lignification {unknown}
 o - a potion of heal wounds {unknown}
 q - a potion of cancellation {unknown}

Dungeon Overview and Level Annotations

Branches:
Dungeon (3/15)

Altars:
Makhleb

....▒ ▒..........▒
▒▒......▒▒ .▒+▒▒
▒..........▒ ▒......▒
.▒.▒ ▒..........▒
▒......▒ ▒▒.▒
▒..........▒ ▒......▒
...▒▒▒ ▒..........▒
▒......▒ .....▒
▒..........▒ ▒......▒
.....▒ ▒..........▒
▒......▒
.....▒▒▒▒▒▒▒▒....▒▒▒▒
▒......▒
.....▒.....▒▒...n▒▒▒▒▒▒
▒▒▒▒▒▒▒▒
...▒.▒.....▒▒..S.▒▒...▒
...▒.▒.....▒▒....▒▒...▒
...▒.▒.....▒▒....▒▒...▒
...▒.'.....▒▒....▒▒...▒
...▒▒▒..(..▒▒....▒▒...▒
▒▒▒▒▒▒
...........▒▒▒▒▒▒▒▒...▒▒▒
▒<...▒ ....▒▒.▒+▒▒▒
▒▒▒...'.▒ ▒▒▒▒.▒
....▒▒.▒.▒
▒.....▒.▒▒▒▒▒▒▒.▒


You could see an adder.


Message History

Unknown command.
Use which ability? (? or * to list) Space bends around you!
You blink.
Unknown command.
An adder comes into view.
The adder hisses angrily.
The ice beast hits you but does no damage.
The adder completely misses you. The adder bites you but does no damage.
The ice beast hits you but does no damage.
The adder bites you but does no damage. The adder bites you.
* * * LOW HITPOINT WARNING * * *
The adder barely misses you. The adder bites you but does no damage.
The adder bites you but does no damage. The adder bites you but does no damage.
The adder bites you but does no damage. The adder bites you but does no damage.
There is a stone staircase leading up here.
The adder bites you but does no damage.
You climb upwards.
There is a stone staircase leading down here.
Unknown command.
You closely miss the adder. The adder bites you but does no damage.
You hit the adder but do no damage. The adder bites you.
You die...

Action                   |  1- 3 |  4- 6 || total
-------------------------+-------+-------++-------
Melee: Spear             |   190 |    70 ||   260
Invok: Bend Space        |       |     2 ||     2
  Use: Scroll            |       |     1 ||     1
Armor: Leather armour    |    80 |     4 ||    84
       Plate armour      |       |    23 ||    23
Dodge: Dodged            |   125 |    23 ||   148

Levels and vault maps discovered:
D:1:      dpeg_arrival_tiny_d, layout_loops_ring
D:2:      layout_basic, minmay_circled_x
D:3:      layout_rooms, lemuel_round_altar, lemuel_round_altar, minivault_26

Notes
Turn   | Place    | Note
-------+----------+-------------------------------------------
     0 | Abyss:1  | sanka the Ghoul Abyssal Knight began the quest for the Orb.
     0 | Abyss:1  | Reached XP level 1. HP: 19/19 MP: 1/1
     1 | Abyss:1  | Found an iron altar of Okawaru.
    18 | D:1      | Escaped the Abyss
    76 | D:1      | Reached skill level 1 in Dodging
   145 | D:1      | Reached skill level 2 in Polearms
   145 | D:1      | Reached skill level 2 in Armour
   154 | D:1      | Reached XP level 2. HP: 18/26 MP: 2/2
   624 | D:1      | Reached XP level 3. HP: 33/33 MP: 3/3
   703 | D:1      | Reached ** piety under Lugonu
   844 | D:1      | Reached skill level 4 in Fighting
  1407 | D:2      | Reached skill level 3 in Polearms
  1465 | D:2      | Reached XP level 4. HP: 40/40 MP: 4/4
  2204 | D:3      | Found a burning altar of Makhleb.
  2534 | D:3      | Noticed an ice beast
  2584 | D:3      | HP: 3/40 [adder (4)]
  2609 | D:2      | Slain by an adder

Vanquished Creatures
  2 adders
  A worm (D:3)
  A dart slug (D:1)
  3 leopard geckos
  A ball python (D:2)
  7 giant cockroaches
  8 goblins
  4 hobgoblins
  7 jackals
  7 kobolds
  7 bats
  3 frilled lizards
  4 rats
55 creatures vanquished.
